cohdb
Replays
Latest Replays
All Replays
Popular Replays
Top Player Replays
Match Explorer
How It Works
Community
CoH3 Stats
Reddit
Sign in to upload your games and track your stats! →
Sign in with Steam
Match 45963750
Unlisted
Match 45963750
Overview
Messages
Build Orders
End
Construct Weapon Support Center
Scout Squad
M1919 Machine Gun Team
M1919 Machine Gun Team
Engineer Squad
Mechanized Support Center
Bazooka Squad
M3 Armored Personnel Carrier
Bazooka Squad
Selects Heavy Weapons
Selects Assault Carriers
M3 Assault Carrier
M3 Assault Carrier
Construct Medical Station
Selects Exchangeable Parts
M3 Assault Carrier
M1919 Machine Gun Team
Mael Radec
Nick
0
0
Comments
sign in to comment!
No comments posted yet!